 Dungeon Crawl Stone Soup version 0.29-a0-789-g7a8fcbc185 (webtiles) character file.

Game seed: 11610665427752215537

2 trckry the Sneak (level 1, -11/18 HPs)
             Began as a Mummy Delver on July 2, 2022.
             Mangled by Crazy Yiuf
             ... wielding a +3 quarterstaff of chaos
              (15 damage)
             ... on level 6 of the Dungeon.
             The game lasted 00:01:31 (584 turns).

trckry the Sneak (Mummy Delver)                      Turns: 584, Time: 00:01:32

Health: -11/18     AC:  3    Str: 15    XL:     1   Next: 33%
Magic:  0/1        EV: 11    Int:  9    God:
Gold:   0          SH:  0    Dex: 13    Spells: 0/0 levels left

rFire   x . .      SeeInvis .   a - +0 falchion
rCold   + . .      Faith    .   (no shield)
rNeg    + + +      Spirit   .   b - +0 leather armour
rPois   ∞          Reflect  .   (no helmet)
rElec   .          Harm     .   (no cloak)
rCorr   .          Rampage  .   (no gloves)
Will    .....                   (no boots)
Stlth   ++........              (no amulet)
HPRegen 0.06/turn               (no ring)
MPRegen 0.07/turn               (no ring)

@: no status effects
A: cold resistance 1, negative energy resistance 3, torment resistance 2, heat
vulnerability 1, no potions
a: no special abilities


You were on level 6 of the Dungeon.
You visited 1 branch of the dungeon, and saw 2 of its levels.

Inventory:

Hand Weapons
 a - a +0 falchion (weapon)
Armour
 b - a +0 leather armour (worn)
Wands
 f - a wand of digging (3)
Scrolls
 c - a scroll of fog
 d - a scroll of magic mapping


   Skills:
 + Level 3.0 Fighting
 * Level 1.6 Long Blades
 + Level 0.1 Armour
 + Level 1.6 Dodging
 - Level 4.1 Stealth


You couldn't memorise any spells.
You didn't know any spells.
Your spell library was empty.

Dungeon Overview and Level Annotations

Branches:
Dungeon (6/15) Zot: 11412
 Temple: D:4-7

Altars:

Annotations:
D:5 Blork the orc
D:6 Crazy Yiuf


Innate Abilities, Weirdness & Mutations

You are immune to poison.
Your flesh is cold resistant. (rC+)
You are immune to negative energy. (rN+++)
You are immune to unholy pain and torment.
You are vulnerable to heat. (rF-)
You do not drink.


Message History

Your attack snaps the black bear out of its fear.
The black bear is heavily wounded.
You open the door.
There is an open door here.
You close the door.
You start resting.
HP restored.
Health restored: 18 You open the door.
There is an open door here.
There is an open door here.
Found a hammer.
Found a runed translucent door.
Press: ? - help, v - describe, . - travel, g - get item Item here: a hammer.
The floor.
Press: ? - help, v - describe, . - travel
Here: Crazy Yiuf, wielding a +3 quarterstaff of chaos and wearing a +0 cloak (asleep, fire blocked by a runed translucent door)
The floor.
Unknown command.
You open the door.
There is an open translucent door here.
The helpless Crazy Yiuf fails to defend himself.
You hit Crazy Yiuf.
Crazy Yiuf is moderately wounded.
Crazy Yiuf closely misses you.
You hit Crazy Yiuf.
Crazy Yiuf is moderately wounded.
Crazy Yiuf yells, "Proton!
Gnoll meccalolo koolooloo."
Crazy Yiuf hits you with a +3 quarterstaff of chaos!
Ouch! That really hurt!
You take 10 damage, and have 8/18 hp.
MASSIVE DAMAGE!!
You barely miss Crazy Yiuf.
Crazy Yiuf is moderately wounded.
Crazy Yiuf cries, "You leg down broken song, no?"
Crazy Yiuf hits you with a +3 quarterstaff of chaos.
* * * LOW HITPOINT WARNING * * *
You feel your power leaking away.
Crazy Yiuf hits you with a +3 quarterstaff of chaos!
Ouch! That really hurt!
You die...

....#' #...'
#...# #...# #####
♣♣##... #)..#♣♣
♣♣..#.##
#g@.'.♣♣♣♣......#
#...#♣..♣.......#
#####♣♣♣.♣...#..#
♣♣♣♣♣##..# #..#
#######..#
.........#
.##..##..#
#####..#


You could see Crazy Yiuf.

Vanquished Creatures
  3 kobolds (D:6)
3 creatures vanquished.

Notes
Turn   | Place    | Note
-------+----------+-------------------------------------------
     0 | D:5      | trckry the Mummy Delver began the quest for the Orb.
     0 | D:5      | Reached XP level 1. HP: 18/18 MP: 1/1
     3 | D:5      | Noticed Blork the orc
     8 | D:5      | HP: 2/18 [Blork the orc/puff of flame (9)]
   268 | D:6      | Noticed a kobold brigand
   291 | D:6      | Noticed a black bear
   574 | D:6      | Found a runed translucent door.
   575 | D:6      | Noticed Crazy Yiuf
   584 | D:6      | Mangled by Crazy Yiuf

Illustrated notes

Levels and vault maps discovered:
D:5:      layout_gridville, lemuel_doored_altar, jmf_multi_god_temple,
          uniq_edmund, uniq_blork_the_orc
D:6:      layout_gridville, mainiacjoe_overflow_boulevard,
          mainiacjoe_overflow_catwalk, mainiacjoe_overflow_catwalk_spiral,
          chequers_serial_rivers_small_a, uniq_duvessa, uniq_crazy_yiuf_cottage

Action                   || total
-------------------------++-------
Melee: Falchion          ||    13
  Use: Scroll            ||     1
 Stab: Fleeing           ||     1
       Sleeping          ||     1
Armor: Leather armour    ||     4
Dodge: Dodged            ||    11

Table legend: (Time is in decaauts)
 A = Elapsed time spent in this place.
 B = Non-inter-level travel time spent in this place.
 C = Inter-level travel time spent in this place.
 D = Time resting spent in this place.
 E = Time spent auto-exploring this place.
 F = Levels seen in this place.
 G = Mean time per level.
                   A        B        C        D        E       F      G
               +--------+--------+--------+--------+--------+-----+--------+
         Total |    586 |    586 |      0 |    486 |      0 |   2 |  293.0 |
       Dungeon |    586 |    586 |      0 |    486 |      0 |   2 |  293.0 |
               +--------+--------+--------+--------+--------+-----+--------+

Top non-repeatable levels by time:
     D:6: 577 daAuts
     D:5: 9 daAuts
